Map: Simulacrum LE

Players

joshuagrant

  • Race: Protoss Protoss
  • Spawn Location: 5:00

ViBE - Winner!

  • Race: Protoss Protoss
  • League: Bronze
  • Spawn Location: 11:00

VOD

https://www.youtube.com/watch?v=kuS_PgtyAP8&list=PLFeZeom2b4DmHduNHeFj-6PfoasuSQn3P&index=2

Description

Time

  • Played on: Dec. 4, 2019, 7:13 p.m.
  • Length: 13:14
Show
View Real Time Build Order
Export as new Build Order

joshuagrant Protoss 

Build Orders:  

Get SALT Encoding   

  12  0:50  Pylon  
  11  2:48  Gateway  
  11  2:49  Gateway  
  11  2:51  Gateway  
  11  2:56  Gateway  
  11  2:57  Gateway  
  11  2:59  Gateway  
  11  3:17  Probe  
  12  3:29  Probe  
  14  3:41  Probe  
  14  3:53  Probe  
  15  4:05  Probe  
  16  4:34  Cybernetics Core  
  16  4:58  Zealot  
  16  4:59  Zealot x2  
  22  5:27  Pylon  
  22  5:29  Pylon  
  22  5:31  Pylon  
  22  5:33  Pylon  
  22  5:45  Zealot x4  
  22  5:47  Zealot x2  
  34  6:12  Zealot x4  
  34  6:14  Zealot x2  
  46  6:26  Assimilator  
  46  6:28  Assimilator  
  46  6:39  Zealot x3  
  52  6:41  Zealot  
  54  7:12  Warp Gate  
  54  8:18  Nexus  
  54  9:29  Zealot  
  56  9:35  Probe (Chrono Boost)  
  57  9:47  Probe (Chrono Boost)  
  58  9:53  Probe (Chrono Boost)  
  58  9:54  Stalker  
  61  10:01  Probe  
  62  10:38  Stalker  
  62  10:40  Stalker  
  66  11:10  Stalker  
  68  11:19  Stalker  
  52  12:23  Pylon  
  52  12:25  Pylon  
  52  12:27  Pylon  
  42  12:42  Stalker  
Show
View Real Time Build Order
Export as new Build Order

ViBE Protoss - Winner!

Build Orders:  

Get SALT Encoding   

  12  0:01  Probe  
  13  0:13  Probe  
  14  0:20  Pylon  
  14  0:25  Probe  
  15  0:38  Probe (Chrono Boost)  
  15  0:39  Gateway  
  17  0:50  Probe (Chrono Boost)  
  17  0:56  Probe (Chrono Boost)  
  18  0:59  Assimilator  
  18  1:04  Probe  
  19  1:13  Gateway  
  19  1:16  Probe  
  20  1:28  Probe  
  20  1:29  Cybernetics Core  
  21  1:35  Assimilator  
  21  1:41  Probe  
  21  1:43  Pylon  
  22  1:53  Probe  
  23  2:06  Stalker  
  23  2:07  Stalker  
  27  2:15  Probe  
  28  2:27  Nexus  
  28  2:30  Probe (Chrono Boost)  
  29  2:43  Probe (Chrono Boost)  
  30  2:49  Pylon, Probe (Chrono Boost)  
  31  2:52  Warp Gate  
  31  3:07  Probe (Chrono Boost)  
  31  3:08  Stalker x2  
  36  3:19  Probe (Chrono Boost)  
  37  3:21  Pylon  
  37  3:26  Probe (Chrono Boost)  
  38  3:35  Probe  
  38  3:39  Robotics Facility  
  38  3:40  Probe (Chrono Boost)  
  40  3:48  Probe (Chrono Boost)  
  41  3:53  Probe (Chrono Boost)  
  42  3:59  Probe (Chrono Boost)  
  42  4:00  Probe (Chrono Boost)  
  44  4:03  Stalker x2, Probe (Chrono Boost)  
  44  4:07  Probe  
  44  4:08  Pylon  
  50  4:13  Probe  
  51  4:21  Nexus  
  51  4:24  Probe  
  52  4:25  Probe  
  54  4:31  Observer  
  54  4:36  Probe (Chrono Boost)  
  54  4:38  Probe (Chrono Boost)  
  56  4:42  Assimilator  
  56  4:43  Assimilator  
  56  4:48  Probe (Chrono Boost)  
  56  4:50  Probe (Chrono Boost)  
  58  4:56  Probe x2 (Chrono Boost)  
  60  5:02  Probe  
  60  5:04  Probe  
  62  5:14  Probe  
  62  5:16  Probe  
  64  5:21  Stalker x2  
  64  5:26  Probe  
  64  5:27  Pylon  
  64  5:28  Pylon, Probe  
  70  5:30  Pylon  
  70  5:33  Immortal  
  74  5:36  Gateway  
  74  5:37  Gateway  
  74  5:39  Gateway  
  74  5:42  Gateway  
  74  5:46  Probe x3  
  77  5:51  Forge  
  77  5:57  Pylon  
  77  5:58  Probe x3  
  77  6:02  Assimilator  
  80  6:04  Assimilator  
  80  6:10  Pylon, Probe x3  
  83  6:22  Stalker, Probe x3  
  83  6:23  Stalker, Immortal  
  94  6:30  Protoss Ground Weapons Level 1  
  94  6:54  Stalker x2  
  96  6:55  Stalker x2  
  96  6:56  Stalker x2  
  106  7:03  Probe, Immortal  
  106  7:04  Probe x2  
  113  7:23  Nexus  
  113  7:26  Pylon  
  113  7:37  Pylon, Probe x3  
  116  7:45  Stalker  
  116  7:50  Stalker  
  120  7:53  Stalker  
  120  7:54  Stalker x3  
  120  7:57  Immortal  
  132  8:11  Pylon  
  132  8:12  Pylon  
  132  8:14  Pylon  
  132  8:17  Pylon  
  132  8:19  Pylon  
  132  8:21  Pylon  
  132  8:24  Pylon, Probe x3  
  132  8:26  Pylon  
  135  8:36  Probe x3  
  138  8:48  Assimilator  
  138  8:49  Probe, Protoss Ground Armor Level 1  
  138  8:50  Probe x2  
  138  8:53  Assimilator  
  138  8:54  Stalker x2  
  138  8:55  Stalker x3  
  149  8:56  Stalker  
  149  8:58  Immortal (Chrono Boost)  
  157  9:05  Nexus  
  157  9:06  Twilight Council  
  157  9:08  Pylon  
  157  9:11  Gateway  
  157  9:13  Gateway  
  157  9:16  Gateway  
  157  9:20  Gateway  
  157  9:25  Gateway  
  157  9:27  Gateway  
  157  9:30  Gateway  
  157  9:31  Stalker x2  
  159  9:32  Stalker x2  
  159  9:33  Stalker x2, Gateway, Immortal (Chrono Boost)  
  173  10:11  Stalker  
  173  10:12  Stalker x2  
  173  10:13  Stalker x3  
  173  10:14  Stalker x2  
  187  10:15  Stalker x2  
  193  10:44  Photon Cannon  
  193  10:46  Photon Cannon  
  193  10:53  Photon Cannon  
  193  10:55  Photon Cannon  
  193  11:01  Photon Cannon  
  193  11:06  Photon Cannon  
  193  11:11  Photon Cannon  
  193  11:13  Photon Cannon  
  193  11:28  Robotics Facility  
  193  11:29  Immortal (Chrono Boost)  
  193  11:31  Robotics Facility, Photon Cannon  
  193  11:32  Photon Cannon  
  181  12:21  Stalker x2  
  181  12:22  Stalker x3  
  187  12:23  Stalker x4  
  187  12:24  Stalker x2  
  187  12:26  Immortal  
  195  12:31  Stalker x2, Immortal  
  199  12:39  Observer  
Tags
 
Add a new tag
Caveats
  • Supply blocks, unpowered buildings, or Contaminate may cause inaccurate times.
  • Supply counts are checked every 10 seconds.